 Dungeon Crawl Stone Soup version 0.28.0-55-gcd9437bce4 (webtiles) character file.

Game seed: 18133978965111264744

2758 Atelerd the Covert (level 9, 0/54 HPs)
             Began as an Octopode Earth Elementalist on Jan 1, 2023.
             Was an Initiate of Sif Muna.
             Slain by a komodo dragon (14 damage)
             ... on level 8 of the Dungeon.
             The game lasted 00:14:32 (7098 turns).

Atelerd the Covert (Octopode Earth Elementalist)    Turns: 7098, Time: 00:14:33

Health: 0/54       AC:  7    Str:  7    XL:     9   Next: 69%
Magic:  0/18       EV: 14    Int: 23    God:    Sif Muna [......]
Gold:   2324       SH:  0    Dex: 13    Spells: 8/20 levels left

rFire   x . .      SeeInvis .   r - +6 trident "Leateot" {spect, rPois rF- rC+ Int+2}
rCold   + . .      Faith    .   (no shield)
rNeg    . . .      Spirit   .   v - +2 hat {Stlth+}
rPois   +          Reflect  .   t - amulet of the acrobat
rElec   .          Harm     .   p - +4 ring of protection
rCorr   .          Rampage  .   u - ring of willpower
Will    ++...                   D - ring of willpower
Stlth   ++++++....              (no ring)
HPRegen 0.18/turn               (no ring)
MPRegen 0.16/turn               (no ring)
                                (no ring)
                                (no ring)

@: very slightly contaminated
A: almost no armour, amphibious, 8 rings, camouflage 1, gelatinous body 1,
(nimble swimmer 1), tentacles
a: Renounce Religion


You were on level 8 of the Dungeon.
You worshipped Sif Muna.
Sif Muna was noncommittal.
You visited 2 branches of the dungeon, and saw 10 of its levels.

You collected 2324 gold pieces.

Inventory:

Hand Weapons
 f - a +0 dagger
 r - the +6 trident "Leateot" (weapon) {spect, rPois rF- rC+ Int+2}
   (You found it on level 4 of the Dungeon)

   When its wielder attacks, the weapon's spirit leaps out and strikes again.
   The spirit shares a part of any damage it takes with its wielder.
   Int:       It affects your intelligence (+2).
   rF:        It makes you vulnerable to fire.
   rC:        It protects you from cold.
   rPois:     It protects you from poison.
 B - a +3 dagger
Missiles
 b - 223 stones
Armour
 v - a +2 hat of stealth (worn)
 C - a +0 buckler
Jewellery
 j - an amulet of magic regeneration
 p - a +4 ring of protection (left tentacle)
 t - an amulet of the acrobat (around mantle)
 u - a ring of willpower (right tentacle)
 D - a ring of willpower (on tentacle)
Wands
 m - a wand of flame (6)
 x - a wand of iceblast (18)
 A - a wand of paralysis (8)
Scrolls
 a - 2 scrolls of noise
 d - 3 scrolls of amnesia
 e - a scroll of vulnerability {unknown}
 g - a scroll of teleportation
 i - 3 scrolls of enchant armour
 l - a scroll of magic mapping
 n - 3 scrolls of summoning
 s - a scroll of immolation {unknown}
 z - a scroll of blinking {unknown}
Potions
 c - a potion of might
 h - a potion of lignification {unknown}
 k - a potion of mutation {unknown}
 o - a potion of magic {unknown}
 q - a potion of curing {unknown}
 w - 2 potions of flight


   Skills:
 - Level 2.0 Fighting
 - Level 2.0 Short Blades
 + Level 4.8 Dodging
 + Level 8.1 Stealth
 * Level 3.3 Shields
 + Level 6.1 Spellcasting
 - Level 4.0 Transmutations
 - Level 7.0 Earth Magic


You had 8 spell levels left.
You knew the following spells:

 Your Spells              Type           Power      Damage    Failure   Level
a - Sandblast             Erth           78%        2d17      1%          1
c - Blink                 Tloc           14%        N/A       13%         2
p - Petrify               Tmut/Erth      32%        N/A       9%          4
v - Borgnjor's Vile Clut  Necr/Erth      11%        N/A       50%         5

Your spell library contained the following spells:

 Spells                   Type           Power      Damage    Failure   Level
 Passwall                 Tmut/Erth      26%        N/A       1%          2
 Stone Arrow              Conj/Erth      46%        3d9       6%          3
 Animate Skeleton         Necr           14%        N/A       9%          1
 Apportation              Tloc           14%        N/A       9%          1
 Summon Small Mammal      Summ           28%        N/A       9%          1
 Static Discharge         Conj/Air       7%         N/A       13%         2
 Dispel Undead            Necr           7%         3d8       63%         4
 Sticky Flame             Conj/Fire      7%         2d3       63%         4
 Summon Ice Beast         Ice/Summ       7%         N/A       63%         4
 Alistair's Intoxication  Tmut/Pois      10%        N/A       71%         5
 Manifold Assault         Tloc           7%         N/A       93%         5
 Metabolic Englaciation   Hex/Ice        3%         N/A       93%         5
 Eringya's Noxious Bog    Tmut/Pois      8%         N/A       99%         6
 Enfeeble                 Hex            3%         N/A       100%        7
 Storm Form               Tmut/Air       8%         N/A       100%        7


Dungeon Overview and Level Annotations

Branches:
Dungeon (9/15)             Temple (1/1) D:6
   Lair: D:8-11         Orc: D:9-12

Altars:
Ashenzari
Cheibriados
Elyvilon
Fedhas
Gozag
Hepliaklqana
Kikubaaqudgha
Nemelex Xobeh
Qazlal
Ru
Sif Muna
Trog
Uskayaw
Vehumet
Wu Jian
Xom
Yredelemnul
Zin
The Shining One

Shops:
D:2 =   D:3 :   D:6 =   D:7 *

Annotations:
D:3 3 runed translucent doors, daba11's ghost, amateur OgBe; peterlawrence's ghost, amateur MiFi
D:8 exclusion: upstairs
D:9 exclusion: upstairs


Innate Abilities, Weirdness & Mutations

You cannot wear most types of armour.
You are amphibious.
You can wear up to eight rings at the same time.
Your skin changes colour to match your surroundings (Stealth+).
Your rubbery body absorbs attacks. (AC +1, EV +1)
((You are camouflaged when in or above water. (Stealth+)))
You have tentacles for arms and can constrict up to eight enemies at once.


Message History

There is a stone staircase leading down here.
Casting: Petrify (dangerous; 9% risk of failure)
Confirm with . or Enter, or press ? or * to list all spells.
You blink.
Casting: Blink (safe; 13% risk of failure)
Confirm with . or Enter, or press ? or * to list all spells.
Aiming: Petrify (dangerous; 9% risk of failure)
Press: ? - help, Shift-Dir - straight line, f - komodo dragon
Aim: a komodo dragon (heavily wounded, chance to affect: 44%)
The komodo dragon resists with some effort.
Casting: Petrify (dangerous; 9% risk of failure)
Confirm with . or Enter, or press ? or * to list all spells.
You don't have enough magic to cast this spell.
Unknown command.
You feel stable enough to blink again.
You see here a +0 hunting sling.
There is a bloodstained altar of Trog here.
Things that are here:
a +0 dagger; a +0 animal skin The komodo dragon hisses menacingly.
Casting: Petrify (dangerous; 9% risk of failure)
Confirm with . or Enter, or press ? or * to list all spells.
Aiming: Petrify (dangerous; 9% risk of failure)
Press: ? - help, Shift-Dir - straight line, f/p - komodo dragon
Aim: a komodo dragon (moderately wounded, chance to affect: 44%)
The komodo dragon resists with some effort.
Really wriggle into that dispersal trap?
You enter a dispersal trap!
The komodo dragon blinks!
You blink.
Casting: Petrify (dangerous; 9% risk of failure)
Confirm with . or Enter, or press ? or * to list all spells.
You miscast Blink.
You are very lightly contaminated with residual magic.
Nothing appears to happen.
The komodo dragon bites you!
* * * LOW HITPOINT WARNING * * *
Casting: Blink (safe; 13% risk of failure)
Confirm with . or Enter, or press ? or * to list all spells.
You miscast Blink.
Nothing appears to happen.
The komodo dragon hisses menacingly.
The komodo dragon bites you!
You die...

... ## #########..# #.
#....^..##.# #.
#......@##.# #.
#..≈...l##.# #.
#..≈≈...##.## ###### #.
#..≈≈...##..###....####.
.....≈≈............_......
###..≈≈...###..###...:###.
#.......# ##.# ###..# #.
#.......# #..# ##.# ##
#.......# ##.# ##.####


You could see a komodo dragon.

Vanquished Creatures
  Pikel (D:5)
  A wyvern (D:8)
  A steam dragon (D:7)
  2 black bears
  A sky beast (D:7)
  2 ice beasts
  2 necrophages
  A phantom (D:5)
  A centaur (D:6)
  2 bullfrogs
  A water moccasin zombie (D:5)
  4 scorpions
  3 howler monkeys
  2 bullfrog zombies
  A jelly (D:8)
  4 hounds
  3 orc priests
  2 centaur skeletons
  3 iguanas
  Jessica (D:2)
  An orc wizard (D:6)
  10 adders
  A shadow imp (D:6)
  A white imp (D:5)
  2 worms
  3 dart slugs
  16 orcs
  9 ball pythons
  7 endoplasms
  4 giant cockroaches
  4 goblins
  6 hobgoblins
  2 jackals (D:1)
  6 quokkas
  7 bats
  3 frilled lizards
  4 kobolds
  2 rats
126 creatures vanquished.

Vanquished Creatures (others)
  47 plants
47 creatures vanquished.

Grand Total: 173 creatures vanquished

Notes
Turn   | Place    | Note
-------+----------+-------------------------------------------
     0 | D:1      | Atelerd the Octopode Earth Elementalist began the quest for
                  | the Orb.
     0 | D:1      | Reached XP level 1. HP: 11/11 MP: 3/3
   123 | D:1      | You fall into a shaft and drop 1 floor!
   169 | D:2      | Reached XP level 2. HP: 9/17 MP: 5/5
   339 | D:2      | Reached skill level 3 in Stealth
   378 | D:2      | Found Coluej's Jewellery Shop.
   395 | D:2      | Reached XP level 3. HP: 14/21 MP: 3/6
   962 | D:2      | Noticed Jessica
   967 | D:2      | Killed Jessica
   968 | D:2      | Reached XP level 4. HP: 18/27 MP: 4/7
  1428 | D:1      | Got the Compendium of the Bewitching Escort
  1647 | D:1      | Found a faded altar of an unknown god.
  2328 | D:3      | Reached XP level 5. HP: 31/31 MP: 9/9
  2340 | D:3      | Reached skill level 4 in Stealth
  2386 | D:3      | Found a runed translucent gate.
  2387 | D:3      | Found a runed translucent gate.
  2387 | D:3      | Found a runed translucent gate.
  2390 | D:3      | Noticed peterlawrence's ghost (amateur MiFi)
  2390 | D:3      | Noticed daba11's ghost (amateur OgBe)
  2390 | D:3      | Noticed peterlawrence's ghost (amateur MiFi)
  2452 | D:3      | Found a radiant altar of Vehumet.
  2479 | D:3      | Found a hide-covered altar of Uskayaw.
  2543 | D:3      | Found Gyin's Book Boutique.
  2586 | D:3      | Learned a level 4 spell: Petrify
  2592 | D:3      | Found a white marble altar of Elyvilon.
  2748 | D:3      | Found a glowing golden altar of the Shining One.
  2815 | D:3      | Found a hazy altar of Hepliaklqana.
  3020 | D:4      | Found a blossoming altar of Fedhas.
  3133 | D:4      | Identified the +6 trident "Leateot" {spect, rPois rF- rC+
                  | Int+2}
  3449 | D:4      | Noticed a black bear
  3458 | D:4      | Killed a black bear
  3459 | D:4      | Reached XP level 6. HP: 30/36 MP: 10/10
  3526 | D:4      | Noticed an ice beast
  3531 | D:4      | Killed an ice beast
  3532 | D:4      | Reached skill level 5 in Stealth
  3636 | D:4      | Found a snail-covered altar of Cheibriados.
  3876 | D:5      | Entered Level 5 of the Dungeon
  3894 | D:5      | Reached XP level 7. HP: 41/41 MP: 12/12
  3942 | D:5      | Learned a level 5 spell: Borgnjor's Vile Clutch
  3966 | D:5      | Noticed Pikel
  3968 | D:5      | Reached skill level 6 in Stealth
  3999 | D:5      | Killed Pikel
  4000 | D:5      | Reached skill level 5 in Spellcasting
  4000 | D:5      | Reached XP level 8. HP: 46/46 MP: 8/15
  4252 | D:5      | Reached skill level 1 in Fighting
  4252 | D:5      | Reached skill level 1 in Short Blades
  4340 | D:5      | Found the +2 cloak of the Thief {*Fog Slay-2 SInv Stlth+}
  4624 | D:6      | Reached XP level 9. HP: 40/54 MP: 15/17
  4851 | D:6      | Found Ineb's Jewellery Emporium.
  4926 | D:6      | Reached skill level 7 in Stealth
  5099 | D:6      | Found a staircase to the Ecumenical Temple.
  5122 | Temple   | Entered the Ecumenical Temple
  5537 | D:6      | Found a shimmering blue altar of Sif Muna.
  5566 | D:6      | Became a worshipper of Sif Muna the Loreminder
  5678 | D:7      | Reached skill level 1 in Shields
  5732 | D:7      | Found Zin's Purification Station.
  5759 | D:7      | Found a glowing silver altar of Zin.
  6130 | D:7      | Noticed a two-headed ogre
  6152 | D:7      | HP: 1/54 [water moccasin (5)]
  6168 | D:7      | Identified 3 scrolls of acquirement
  6448 | D:8      | Acquired 1124 gold pieces
  6450 | D:8      | Acquired 839 gold pieces
  6452 | D:8      | Acquired a +2 hat of stealth
  6627 | D:8      | Found a bloodstained altar of Trog.
  6660 | D:8      | Reached skill level 8 in Stealth
  6971 | D:9      | Learned a level 2 spell: Blink
  6997 | D:9      | Noticed a komodo dragon
  7042 | D:9      | Noticed a troll
  7098 | D:8      | Slain by a komodo dragon

Illustrated notes

Levels and vault maps discovered:
D:1:      co_arrival_random_square_maze, layout_basic,
          hellmonk_ecumenical_altar_heavens_door, columned_hall_lemuel
D:2:      layout_basic, serial_shops, shop, chequers_garden, uniq_jessica
D:3:      layout_rooms, general_overflow_altar, elyvilon_altar_4,
          nicolae_hepliaklqana_hippocampus, vehumet_altar_wand_db,
          amcnicky_altar_gilded, gammafunk_ghost_cemetery, serial_shops, shop
D:4:      layout_loops_corners, lemuel_crystal_altar,
          nicolae_overflow_hidden_temple
D:5:      layout_basic, uniq_pikel
D:6:      layout_cave_pods, kennysheep_mini_moat, minmay_temple_entry_trees,
          minmay_shop_enchanted_jewellery
D:7:      layout_rooms, zin_purify, okawaru_humans, minmay_shattered_shrine
D:8:      layout_basic, bloody_trog, minmay_misc_feat_square
D:9:      layout_irregular_city, lemuel_tele_altar, kennysheep_little_box,
          david_lair_shrubbed, uniq_joseph
Temple:   nicolae_temple_figure_zero

Skill      XL: |  1  2  3  4  5  6  7  8  9 |
---------------+----------------------------+-----
Stealth        | 3 4 5 6 8 |  8.1
Transmutations | 2 3 4 |  4.0
Dodging        | 3 4 |  4.8
Spellcasting   | 3 5 6 |  6.1
Earth Magic    | 4 6 7 |  7.0
Fighting       | 1 2 |  2.0
Short Blades   | 1 2 |  2.0
Shields        | 3 |  3.3

Action                   |  1- 3 |  4- 6 |  7- 9 || total
-------------------------+-------+-------+-------++-------
Melee: Unarmed           |    14 |       |       ||    14
       Constrict         |     9 |    10 |    15 ||    34
       Tentacles         |     4 |     4 |    12 ||    20
       Dagger            |       |    33 |       ||    33
       Trident           |       |    18 |    92 ||   110
       Punch             |       |       |     2 ||     2
 Cast: Sandblast         |    22 |    33 |     4 ||    59
       Petrify           |       |       |    18 ||    18
       Blink             |       |       |     1 ||     1
Evoke: Wand              |       |       |     2 ||     2
  Use: Scroll            |       |       |    18 ||    18
       Potion            |       |       |     2 ||     2
 Stab: Sleeping          |     4 |    17 |    19 ||    40
       Petrified         |       |       |    14 ||    14
       Petrifying        |       |       |     3 ||     3
Armor: Skin              |     2 |     8 |    12 ||    22
Dodge: Dodged            |     7 |    40 |    26 ||    73
